 Dungeon Crawl Stone Soup version 0.23-a0-358-g98c7a59 (webtiles) character file.

2236 Garbasso the Sneak (level 9, -4/61 HPs)
             Began as an Octopode Transmuter on Oct 22, 2018.
             Was a Believer of Dithmenos.
             Killed from afar by an orc wizard (7 damage)
             ... with a magic dart
             ... on level 7 of the Dungeon.
             The game lasted 00:19:40 (7210 turns).

Garbasso the Sneak (Octopode Transmuter)            Turns: 7210, Time: 00:19:41

Health: -4/61      AC:  1    Str: 12    XL:     9   Next: 36%
Magic:  6/12       EV: 16    Int: 16    God:    Dithmenos [**....]
Gold:   163        SH:  0    Dex: 14    Spells: 2/12 levels left

rFire    . . .     SeeInvis .   g - +2 dagger (venom)
rCold    . . .     Gourm    .   (no shield)
rNeg     . . .     Faith    .   (helmet restricted)
rPois    .         Spirit   .   (no amulet)
rElec    .         Reflect  .   o - +2 ring of strength
rCorr    .         Harm     .   w - ring of flight
MR       +....                  y - ring of protection from magic
Stlth    +++++++...             (no ring)
HPRegen  0.20/turn              (no ring)
MPRegen  0.13/turn              (no ring)
                                (no ring)
                                (no ring)

@: lethally poisoned (-4 -> -14), wreathed by umbra
A: almost no armour, stealthy swim, amphibious, 8 rings, constrict 8, camouflage
1, gelatinous body 1
a: Shadow Step, Renounce Religion, Evoke Flight


You were on level 7 of the Dungeon.
You worshipped Dithmenos.
Dithmenos was pleased with you.
You were hungry.

You visited 1 branch of the dungeon, and saw 7 of its levels.

You collected 163 gold pieces.

Inventory:

Hand Weapons
 g - a +2 dagger of venom (weapon)
 h - a +0 rapier of electrocution
Missiles
 a - 90 arrows
Jewellery
 o - a +2 ring of strength (left tentacle)
 w - a ring of flight (right tentacle)
 y - a ring of protection from magic (on tentacle)
Wands
 b - a wand of flame (55)
 k - a wand of scattershot (6)
 t - a wand of random effects (13)
Scrolls
 d - 3 scrolls of enchant armour
 e - 2 scrolls of remove curse
 j - 2 scrolls of random uselessness {unknown}
 p - 2 scrolls of teleportation
 s - a scroll of fear {unknown}
 v - a scroll of blinking {unknown}
 x - 2 scrolls of enchant weapon {unknown}
 B - a scroll of noise {unknown}
Potions
 f - 2 potions of heal wounds
 i - 2 potions of ambrosia
 m - 2 potions of invisibility
 n - 2 potions of degeneration {unknown}
 q - 2 potions of cancellation {unknown}
 r - a potion of flight {unknown}
 u - 4 potions of curing
 z - a potion of agility {unknown}
 A - 2 potions of lignification
Comestibles
 c - 14 rations


   Skills:
 + Level 5.3 Fighting
 + Level 5.5 Dodging
 + Level 6.7 Stealth
 + Level 6.0 Unarmed Combat
 - Level 2.0 Spellcasting
 * Level 4.9 Transmutations
 - Level 3.5 Ice Magic
 - Level 2.0 Poison Magic


You had 2 spell levels left.
You knew the following spells:

 Your Spells              Type           Power        Failure   Level  Hunger
a - Beastly Appendage     Tmut           ###...       2%          1    #......
b - Sticks to Snakes      Tmut           ###.....     4%          2    ###....
c - Spider Form           Tmut/Pois      ##........   16%         3    ###....
d - Ice Form              Ice/Tmut       ###.....     34%         4    #####..

Your spell library contained the following spells:

 Spells                   Type           Power        Failure   Level  Hunger
 Blade Hands              Tmut           ###.......   58%         5    ######.


Dungeon Overview and Level Annotations

Branches:
Dungeon (7/15)             Temple (0/1) D:4

Altars:
Dithmenos
Elyvilon
Kikubaaqudgha
Makhleb
Okawaru
Ru
Sif Muna
Wu Jian
Xom
Zin
The Shining One

Shops:
D:4 :

Annotations:
D:6 1 runed door, Soeti's ghost, amateur OpVM
D:7 exclusion: door


Innate Abilities, Weirdness & Mutations

You cannot wear most types of armour.
You are very stealthy in the water. (Stealth+)
You are amphibious.
You can wear up to eight rings at the same time.
You can use your tentacles to constrict eight enemies at once.
Your skin changes colour to match your surroundings (Stealth+).
Your rubbery body absorbs attacks. (AC +1, EV +1)


Message History

The orc wizard points at you and mumbles some strange words.
The magic dart hits you!
The orc wizard gestures at you while chanting.
The magic dart hits you!
* * * LOW HITPOINT WARNING * * *
The orc hits your ball python with a cursed +0 hand axe.
Your ball python dies!
The orc wizard hits you with a +0 dagger of venom.
* * * LOW HITPOINT WARNING * * *
Casting: Sticks to Snakes (safe; 4% risk of failure)
Confirm with . or Enter, or press ? or * to list all spells.
You create a snake!
You now have 90 arrows.
* * * LOW HITPOINT WARNING * * *
You feel sick.
The orc wizard splashes around in the water.
Something hits you.
* * * LOW HITPOINT WARNING * * *
The orc wizard casts a spell at you. The magic dart hits you!
You die...

.........+ #####
######...###...##
..........))..#.##
############.#.#.##
..# #.#o..#.# ..#
..#..o..# ..#
..%#.≈≈≈o# ..# ....
#≈...o# ..# ....
#≈._o@# ..# ###
#≈...S# ..# #.≈≈≈.#
### #.....#
#.#...#. ##.#.#..
##)# . ## ##


You could see 2 orc wizards, 3 orcs and a friendly ball python.

Vanquished Creatures
  Pikel (D:6)
  Menkaure (D:6)
  Edmund (D:6)
  Duvessa (D:7)
  An ogre (D:4)
  2 sky beasts
  2 phantoms
  A centaur (D:6)
  Dowan (D:7)
  A scorpion (D:7)
  A killer bee (D:6)
  A howler monkey (D:7)
  3 hounds
  3 orc wizards
  Crazy Yiuf (D:2)
  2 iguanas
  8 worker ants (D:4)
  8 adders
  2 shadow imps
  An ooze (D:3)
  An adder zombie (D:6)
  A worm (D:3)
  2 leopard geckos
  16 orcs
  3 ball pythons
  5 bats
  5 giant cockroaches
  4 hobgoblins
  10 jackals
  4 kobolds
  5 quokkas
  5 frilled lizards
  6 goblins
  A jackal zombie (D:6)
  A leopard gecko skeleton (D:4)
  6 rats
117 creatures vanquished.

Vanquished Creatures (collateral kills)
  An ogre (D:4)
  2 killer bees (D:6)
  An adder zombie (D:5)
  3 orcs
  3 bats
10 creatures vanquished.

Grand Total: 127 creatures vanquished

Notes
Turn   | Place    | Note
-------+----------+-------------------------------------------
     0 | D:1      | Garbasso the Octopode Transmuter began the quest for the
                  | Orb.
     0 | D:1      | Reached XP level 1. HP: 13/13 MP: 3/3
   122 | D:1      | Reached XP level 2. HP: 13/18 MP: 5/5
   199 | D:1      | Learned a level 2 spell: Sticks to Snakes
   863 | D:2      | Reached XP level 3. HP: 23/23 MP: 4/6
   972 | D:2      | Found a runed door.
  1040 | D:2      | Learned a level 3 spell: Spider Form
  1084 | D:2      | Found an ancient bone altar of Kikubaaqudgha.
  1183 | D:2      | Found a deep blue altar of Sif Muna.
  1185 | D:2      | Found a sacrificial altar of Ru.
  1186 | D:2      | Found a shadowy altar of Dithmenos.
  1187 | D:2      | Found a glowing golden altar of the Shining One.
  1187 | D:2      | Found an iron altar of Okawaru.
  1187 | D:2      | Found a white marble altar of Elyvilon.
  1188 | D:2      | Found an ornate altar of the Wu Jian Council.
  1197 | D:2      | Became a worshipper of Dithmenos the Shadowed
  1582 | D:2      | Noticed Crazy Yiuf
  1592 | D:2      | Killed Crazy Yiuf
  1592 | D:2      | Reached skill level 1 in Poison Magic
  1592 | D:2      | Reached XP level 4. HP: 20/29 MP: 1/7
  2397 | D:3      | Found a burning altar of Makhleb.
  2397 | D:3      | Found a glowing silver altar of Zin.
  2398 | D:3      | Noticed an angel
  2398 | D:3      | Noticed a blizzard demon
  2458 | D:3      | Reached XP level 5. HP: 34/34 MP: 8/8
  2597 | D:4      | Noticed an ogre
  2607 | D:4      | Killed an ogre
  2607 | D:4      | Reached * piety under Dithmenos
  2607 | D:4      | Reached skill level 1 in Stealth
  2607 | D:4      | Reached XP level 6. HP: 40/41 MP: 9/9
  3120 | D:4      | Found a shimmering altar of Xom.
  3184 | D:4      | Reached XP level 7. HP: 43/46 MP: 6/10
  3219 | D:4      | Learned a level 4 spell: Ice Form
  3320 | D:4      | Found a staircase to the Ecumenical Temple.
  3327 | D:4      | Found a shimmering altar of Xom.
  3327 | D:4      | Found a shimmering altar of Xom.
  3334 | D:4      | Found a shimmering altar of Xom.
  3684 | D:4      | Found Gaarrij's Book Emporium.
  3848 | D:5      | Entered Level 5 of the Dungeon
  4044 | D:4      | Reached skill level 1 in Ice Magic
  4919 | D:6      | Noticed Menkaure
  4924 | D:6      | Killed Menkaure
  4924 | D:6      | Reached XP level 8. HP: 54/54 MP: 11/11
  5102 | D:6      | Found a runed door.
  5105 | D:6      | Found a shimmering altar of Xom.
  5105 | D:6      | Noticed Soeti's ghost (amateur OpVM)
  5106 | D:6      | Noticed a glowing dagger
  5364 | D:6      | Reached skill level 5 in Unarmed Combat
  5718 | D:6      | Reached ** piety under Dithmenos
  5748 | D:6      | Noticed Edmund
  5752 | D:6      | Noticed Pikel
  5769 | D:6      | Killed Edmund
  5769 | D:6      | Reached skill level 5 in Stealth
  5796 | D:6      | Killed Pikel
  5796 | D:6      | Reached skill level 5 in Fighting
  5796 | D:6      | Reached skill level 5 in Dodging
  5796 | D:6      | Reached XP level 9. HP: 31/61 MP: 5/12
  6755 | D:7      | Noticed Dowan
  6756 | D:7      | Noticed Duvessa
  6779 | D:7      | Killed Duvessa
  6794 | D:7      | Killed Dowan
  7197 | D:7      | Found a sacrificial altar of Ru.
  7210 | D:7      | HP: 3/61 [something (4)]
  7210 | D:7      | Killed from afar by an orc wizard

Vault maps used:
D:1:      lightli_arrival_statue_moat, minmay_tetromino_i2
D:2:      kiku_gazebo_garden_becter, grunt_temple_overflow_open,
          serial_bayou_pond_b, uniq_crazy_yiuf_cottage
D:3:      minmay_wonky_spiral, grunt_temple_overflow_order_and_chaos_2
D:4:      cheibrodos_helix_gallery, xom_redecorated,
          minmay_temple_entry_overgrown, serial_shops, kennysheep_mini,
          first_ration, minmay_misc_feat_columns, minmay_close_crescents
D:5:      kennysheep_windowed_goal
D:6:      ebering_ghost_xom, uniq_pikel, uniq_menkaure, uniq_edmund
D:7:      nicolae_ru_awakened_eye, uniq_duvessa

Skill      XL: |  1  2  3  4  5  6  7  8  9 |
---------------+----------------------------+-----
Poison Magic   | 1 2 |  2.0
Fighting       | 2 3 5 |  5.3
Transmutations | 3 4 |  4.9
Dodging        | 3 4 5 |  5.5
Stealth        | 1 2 4 6 |  6.7
Unarmed Combat | 4 5 6 |  6.0
Ice Magic      | 1 3 |  3.5
Spellcasting   | |  2.0

Action                   |  1- 3 |  4- 6 |  7- 9 || total
-------------------------+-------+-------+-------++-------
Melee: Unarmed           |    47 |    16 |    72 ||   135
       Constrict         |    17 |    17 |    21 ||    55
       Kick              |     7 |     3 |       ||    10
       Tentacles         |     5 |    12 |    23 ||    40
       Dagger            |    10 |    68 |   127 ||   205
       Punch             |     1 |       |     1 ||     2
       Rapier            |       |       |     1 ||     1
 Cast: Beastly Appendage |    10 |     6 |     1 ||    17
       Sticks to Snakes  |     4 |     3 |    27 ||    34
       Spider Form       |     1 |     3 |     5 ||     9
       Ice Form          |       |       |     1 ||     1
  Use: Scroll            |       |       |     9 ||     9
 Stab: Sleeping          |     4 |     9 |    17 ||    30
  Eat: Chunk             |     2 |     6 |     9 ||    17
       Ration            |       |       |     2 ||     2
Armor: Skin              |     7 |     6 |     8 ||    21
Dodge: Dodged            |    45 |    49 |   157 ||   251

Table legend:
 A = Non-vault XP
 B = Vault XP
 C = Vault XP percentage of total XP
 D = Non-vault monster count
 E = Vault monster count
 F = Vault count percentage of total count
                 A         B        C        D         E       F
            +---------+---------+-------+---------+---------+-------
      Total |    1733 |    1462 |  45.8 |     105 |      19 |  15.3
            +---------+---------+-------+---------+---------+-------
        D:1 |      33 |       0 |   0.0 |      20 |       0 |   0.0
        D:2 |       7 |      44 |  86.3 |       5 |       4 |  44.4
        D:3 |      63 |      18 |  22.2 |      17 |       4 |  19.0
        D:4 |     555 |     168 |  23.2 |      15 |       5 |  25.0
        D:5 |     212 |       3 |   1.4 |      16 |       1 |   5.9
        D:6 |     544 |    1011 |  65.0 |      23 |       3 |  11.5
        D:7 |     319 |     218 |  40.6 |       9 |       2 |  18.2
            +---------+---------+-------+---------+---------+-------
